 Dungeon Crawl Stone Soup version 0.28.0-1-gb440e238dd (webtiles) character file.

Game seed: 6654271850491375756

3165 pkoi the Destroyer (level 9, -3/100 HPs)
             Began as a Purple Draconian Conjurer on Feb 22, 2022.
             Was a Believer of Sif Muna.
             Slain by a hornet (9 damage)
             ... on level 9 of the Dungeon.
             The game lasted 00:19:28 (14159 turns).

pkoi the Destroyer (Purple Draconian Conjurer)     Turns: 14159, Time: 00:19:29

Health: -3/100     AC:  8    Str: 10    XL:     9   Next: 63%
Magic:  4/18       EV: 12    Int: 22    God:    Sif Muna [**....]
Gold:   456        SH:  0    Dex: 10    Spells: 10/20 levels left

rFire   . . .      SeeInvis .   y - +2 whip (elec)
rCold   . . .      Faith    .   (no shield)
rNeg    . . .      Spirit   .   (armour unavailable)
rPois   .          Reflect  .   w - +1 hat
rElec   .          Harm     .   (no cloak)
rCorr   .          Rampage  .   (no gloves)
Will    +....                   (no boots)
Stlth   ..........              (no amulet)
HPRegen 0.26/turn               (no ring)
MPRegen 0.16/turn               (no ring)

@: berserking, short of breath, slowed
A: breathe power, AC +7, unfitting armour, cold-blooded
a: Breathe Dispelling Energy, Renounce Religion, Channel Magic


You were on level 9 of the Dungeon.
You worshipped Sif Muna.
Sif Muna was pleased with you.
You visited 2 branches of the dungeon, and saw 10 of its levels.

You collected 456 gold pieces.

Inventory:

Hand Weapons
 x - a +4 hand axe
 y - a +2 whip of electrocution (weapon)
Armour
 w - a +1 hat (worn)
Magical Staves
 a - a staff of earth
Jewellery
 v - a +4 ring of protection
Wands
 f - a wand of polymorph (8)
 s - a wand of digging (4)
 t - a wand of acid (3)
Scrolls
 d - 3 scrolls of teleportation
 g - a scroll of enchant armour
 r - 4 scrolls of fear
 u - a scroll of amnesia
Potions
 b - 2 potions of heal wounds {unknown}
 e - a potion of might
 h - a potion of flight
 i - 2 potions of attraction
 j - 2 potions of lignification
 n - a potion of berserk rage
 o - a potion of invisibility
 p - 4 potions of brilliance {unknown}


   Skills:
 + Level 2.1 Fighting
 + Level 2.5 Dodging
 - Level 1.7 Stealth
 - Level 6.0 Spellcasting
 + Level 9.3 Conjurations
 - Level 3.0 Hexes
 * Level 7.3 Translocations
 + Level 4.1 Invocations


You had 10 spell levels left.
You knew the following spells:

 Your Spells              Type           Power      Damage    Failure   Level
a - Magic Dart            Conj           100%       1d8       1%          1
b - Searing Ray           Conj           94%        2d7       1%          2
c - Iskenderun's Mystic   Conj/Tloc      43%        2d10      3%          4
d - Dazzling Flash        Conj/Hex       66%        N/A       2%          3

Your spell library contained the following spells:

 Spells                   Type           Power      Damage    Failure   Level
 Fulminant Prism          Conj/Hex       16%        3d11      8%          4
 Scorch                   Fire           12%        2d5       14%         2
 Flame Wave               Conj/Fire      27%        2d7       14%         4
 Summon Forest            Summ/Tloc      11%        N/A       50%         5
 Summon Mana Viper        Hex/Summ       13%        N/A       80%         5
 Summon Cactus Giant      Summ           3%         N/A       100%        6


Dungeon Overview and Level Annotations

Branches:
Dungeon (9/15)             Temple (1/1) D:5
   Lair: D:8-11         Orc: D:9-12

Altars:
Ashenzari
Cheibriados
Dithmenos
Elyvilon
Fedhas
Gozag
Hepliaklqana
Kikubaaqudgha
Makhleb
Nemelex Xobeh
Okawaru
Qazlal
Ru
Sif Muna
Trog
Uskayaw
Vehumet
Wu Jian
Xom
Yredelemnul
Zin
The Shining One

Shops:
D:5 (

Annotations:
D:4 2 transporters, Clumpoid's ghost, amateur DsFi
D:5 3 runed translucent doors, Icepheonix32's ghost, weakling DsDe
D:6 Maggie


Innate Abilities, Weirdness & Mutations

You can breathe bolts of dispelling energy.
Your rich purple scales are hard. (AC +7)
You cannot fit into any form of body armour.
You are cold-blooded and may be slowed by cold attacks.


Message History

The hornet completely misses you.
Unknown command.
Unknown command.
Casting: Searing Ray (safe; 1% risk of failure)
Confirm with . or Enter, or press ? or * to list all spells.
You erupt in a blast of force!
The mystic blast hits the hornet!
The hornet is almost dead.
The hornet is knocked back by the mystic blast.
You feel sick.
Unknown command.
Casting: Iskenderun's Mystic Blast (dangerous; 3% risk of failure)
Confirm with . or Enter, or press ? or * to list all spells.
You don't have enough magic to cast this spell.
Unknown command.
Aiming: Breathe Dispelling Energy (4% risk of failure)
Press: ? - help, Shift-Dir - straight line, f/p - hornet
Aim: a hornet (almost dead, 35% to hit)
You fail to use your ability.
You feel sick. The hornet stings you.
* * * LOW HITPOINT WARNING * * *
You are more poisoned.
You feel as though you will be slow longer.
Aiming: Breathe Dispelling Energy (4% risk of failure)
Press: ? - help, Shift-Dir - straight line, f/p - hornet
Aim: a hornet (almost dead, 35% to hit)
You breathe a bolt of dispelling energy.
The bolt of dispelling energy misses the hornet.
You feel very sick. The hornet stings you!
* * * LOW HITPOINT WARNING * * *
You feel as though you will be slow longer.
The hornet closely misses you.
You feel better.
The hornet barely misses you. x2; The hornet stings you!
* * * LOW HITPOINT WARNING * * *
You feel as though you will be slow longer.
A red film seems to cover your vision as you go berserk!
You feel yourself moving faster!
You feel mighty! The hornet stings you!
* * * LOW HITPOINT WARNING * * *
You feel as though you will be slow longer.
The hornet stings you!
You die...

#.# #.# #...#
######+.# .....
#.......# #.....
#.....#.# ......
#.....#.##!....)
+.......#.....⌠.
#......##.......
#......@y.......
#......###......
#[.......###....
####.......###..
#....##[[<###
#....##.#)[.# ###
#....##.#[#[#...##
......#..))........#
............[.........


You could see a hornet.

Vanquished Creatures
  A wyvern (D:7)
  A steam dragon (D:9)
  4 water moccasins
  3 sky beasts
  2 ice beasts
  2 ogres
  2 centaurs
  The ghost of Strat the Cudgeller, an amateur OpWn (D:3)
  3 bullfrogs
  3 scorpions
  A water moccasin zombie (D:6)
  A water moccasin skeleton (D:5)
  4 wights (D:8)
  A howler monkey (D:5)
  2 centaur zombies
  A bullfrog skeleton (D:6)
  A hound (D:5)
  2 orc priests
  2 centaur skeletons
  A gnoll shaman (D:7)
  4 iguanas
  5 orc wizards
  A scorpion zombie (D:5)
  2 killer bee zombies
  13 gnolls
  A howler monkey skeleton (D:7)
  11 adders
  A shadow imp (D:6)
  3 worms
  6 dart slugs
  32 orcs
  5 ball pythons
  11 endoplasms
  3 giant cockroaches
  12 goblins
  6 hobgoblins
  A quokka (D:3)
  6 bats
  5 frilled lizards
  8 kobolds
  5 rats
179 creatures vanquished.

Vanquished Creatures (others)
  7 plants
7 creatures vanquished.

Grand Total: 186 creatures vanquished

Notes
Turn   | Place    | Note
-------+----------+-------------------------------------------
     0 | D:1      | pkoi the Draconian Conjurer began the quest for the Orb.
     0 | D:1      | Reached XP level 1. HP: 14/14 MP: 3/3
   260 | D:1      | Found a faded altar of an unknown god.
   301 | D:1      | Reached XP level 2. HP: 20/20 MP: 1/5
  1618 | D:2      | Reached skill level 5 in Conjurations
  1784 | D:2      | Reached XP level 3. HP: 26/26 MP: 3/6
  2281 | D:3      | Reached XP level 4. HP: 33/33 MP: 0/7
  2483 | D:3      | Found a runed translucent gate.
  2484 | D:3      | Found a runed translucent gate.
  2485 | D:3      | Found a runed translucent gate.
  2497 | D:3      | Noticed an ice beast
  2498 | D:3      | Noticed Strat's ghost (amateur OpWn)
  2588 | D:3      | Reached skill level 6 in Conjurations
  2653 | D:2      | Learned a level 2 spell: Searing Ray
  2658 | D:2      | Learned a level 4 spell: Iskenderun's Mystic Blast
  2796 | D:3      | Reached skill level 1 in Translocations
  2796 | D:3      | Reached XP level 5. HP: 38/38 MP: 2/8
  4651 | D:4      | Noticed a sky beast
  5162 | D:4      | Found a transporter.
  5168 | D:4      | Noticed Clumpoid's ghost (amateur DsFi)
  5173 | D:4      | Found a transporter.
  5213 | D:4      | Reached XP level 6. HP: 17/45 MP: 0/10
  5456 | D:4      | Found a sparkling altar of Nemelex Xobeh.
  5494 | D:4      | Noticed a sky beast
  5507 | D:4      | Killed a sky beast
  5898 | D:3      | Killed a sky beast
  5899 | D:3      | Reached skill level 7 in Conjurations
  5899 | D:3      | Your scales start taking on a rich purple colour.
  5899 | D:3      | Reached XP level 7. HP: 17/50 MP: 1/12
  6991 | D:5      | Entered Level 5 of the Dungeon
  7762 | D:5      | Found a staircase to the Ecumenical Temple.
  7775 | Temple   | Entered the Ecumenical Temple
  7863 | Temple   | Became a worshipper of Sif Muna the Loreminder
  7919 | D:5      | Learned a level 3 spell: Dazzling Flash
  8474 | D:5      | Found a runed translucent gate.
  8484 | D:5      | Reached skill level 1 in Invocations
  8484 | D:5      | Reached XP level 8. HP: 57/57 MP: 8/14
  8617 | D:5      | Found Tuanewai's Hydra Hut.
  8620 | D:5      | Noticed a seven-headed hydra
  9058 | D:5      | Found a runed translucent gate.
  9102 | D:5      | Found a runed translucent gate.
  9108 | D:5      | Noticed Icepheonix32's ghost (weakling DsDe)
  9240 | D:6      | Reached skill level 8 in Conjurations
  9240 | D:6      | Reached skill level 5 in Translocations
  9478 | D:6      | Reached skill level 1 in Hexes
  9912 | D:6      | Noticed Maggie
 10108 | D:3      | Reached * piety under Sif Muna
 10126 | D:3      | Reached skill level 5 in Spellcasting
 10144 | D:3      | Killed Strat's ghost
 11581 | D:7      | Reached XP level 9. HP: 52/62 MP: 9/17
 11930 | D:7      | Reached skill level 9 in Conjurations
 12873 | D:8      | Reached skill level 1 in Fighting
 13893 | D:9      | Reached ** piety under Sif Muna
 14159 | D:9      | Slain by a hornet

Illustrated notes

Levels and vault maps discovered:
D:1:      arrival_zaba_pyramid, layout_basic, nicolae_ecumenical_lake_church,
          hex_intersection, serial_bayou_lake_a
D:2:      layout_rooms, minmay_crystal_room, minmay_goblin_outpost
D:3:      minmay_chambers_of_threes, layout_rooms, gammafunk_ghost_split
D:4:      layout_basic, nemelex_dance_club_becter, gammafunk_ghost_arena
D:5:      layout_cave_pools, minmay_temple_entry_drinking_statues,
          gammafunk_ghost_necromancy, doesnt_shop_hydraphobe
D:6:      layout_basic, uniq_maggie
D:7:      layout_loops_cross, serial_park_tiny_pond, amethyst_killhole,
          hangedman_abyss_or_decor_slice
D:8:      layout_basic, hex_large
D:9:      minmay_skewed_foursquare, layout_basic, serial_rivers,
          chequers_serial_rivers_micro_e, chequers_serial_rivers_room_b,
          chequers_serial_rivers_room_a, chequers_serial_rivers_small_3,
          chequers_serial_rivers_small_a, chequers_serial_rivers_micro_d,
          kennysheep_small_spiral
Temple:   compressed_dpeg_circular_temple

Skill      XL: |  1  2  3  4  5  6  7  8  9 |
---------------+----------------------------+-----
Conjurations   | 5 6 7 8 9 |  9.3
Translocations | 1 2 3 4 6 7 |  7.3
Spellcasting   | 3 4 5 6 |  6.0
Invocations    | 1 3 4 |  4.1
Hexes          | 2 3 |  3.0
Dodging        | 2 |  2.5
Fighting       | 2 |  2.1
Stealth        | |  1.7

Action                   |  1- 3 |  4- 6 |  7- 9 || total
-------------------------+-------+-------+-------++-------
Melee: Whip              |     9 |       |    11 ||    20
       Staff             |     1 |       |       ||     1
       Dagger            |       |    37 |    24 ||    61
       Tailslap          |       |     4 |     9 ||    13
       Punch             |       |     1 |     4 ||     5
 Cast: Magic Dart        |    81 |    79 |   108 ||   268
       Searing Ray       |       |    19 |    64 ||    83
       Iskenderun's Myst |       |       |    10 ||    10
 Abil: Breathe Dispellin |       |       |     2 ||     2
Evoke: Wand              |       |       |     2 ||     2
  Use: Scroll            |       |       |    16 ||    16
       Potion            |       |       |     2 ||     2
 Stab: Sleeping          |       |       |     1 ||     1
Armor: Skin              |     9 |    23 |    73 ||   105
Dodge: Dodged            |    18 |    44 |   100 ||   162
